 Dungeon Crawl Stone Soup version 0.25.1-2-g60ff931df9 (webtiles) character file.

Game seed: 17789690214211709054

79 Descartes the Sneak (level 4, -1/18 HPs)
             Began as a Felid Enchanter on Aug 12, 2020.
             Killed from afar by an orc wizard (10 damage)
             ... with a puff of flame
             ... on level 3 of the Dungeon.
             The game lasted 00:04:42 (4249 turns).

Descartes the Sneak (Felid Enchanter)               Turns: 4249, Time: 00:04:42

Health: -1/18      AC:  1    Str:  5    XL:     4   Next: 16%
Magic:  8/8        EV: 20    Int: 16    God:
Gold:   89         SH:  0    Dex: 16    Spells: 6/7 levels left
                                        Lives:  0   Deaths: 1

rFire    . . .     SeeInvis +     - Unarmed
rCold    . . .     Gourm    .   (shield unavailable)
rNeg     . . .     Faith    .   (armour unavailable)
rPois    .         Spirit   .   (helmet unavailable)
rElec    .         Reflect  .   (cloak unavailable)
rCorr    .         Harm     .   (gloves unavailable)
MR       .....                  (boots unavailable)
Stlth    ++++......             (no amulet)
HPRegen  0.06/turn              (no ring)
MPRegen  0.11/turn              (no ring)

@: quick
A: very small, no armour, no weapons or thrown items, stealth, claws 1, fangs 3,
see invisible, carnivore, speed 1, shaggy fur 1, slow metabolism 1, sharp paws
a: no special abilities


You were on level 3 of the Dungeon.
You were very full.

You visited 1 branch of the dungeon, and saw 3 of its levels.

You collected 89 gold pieces.

Inventory:

Missiles
 a - 81 stones
 f - 29 arrows
Scrolls
 h - a scroll of remove curse
 i - a scroll of magic mapping {unknown}
 j - a scroll of identify
 k - a scroll of immolation {unknown}
 m - a scroll of fog {unknown}
 n - a scroll of enchant weapon {unknown}
 o - a scroll of blinking {unknown}
Potions
 c - a potion of curing
 d - a potion of stabbing {unknown}
 e - a potion of mutation {unknown}
 g - a potion of magic {unknown}
 l - a potion of heal wounds {unknown}
Comestibles
 b - 4 rations


   Skills:
 + Level 4.5 Dodging
 + Level 5.7 Stealth
 + Level 2.8 Unarmed Combat
 - Level 2.0 Spellcasting
 + Level 4.5 Hexes


You had 6 spell levels left.
You knew the following spells:

 Your Spells              Type           Power        Failure   Level  Hunger
a - Corona                Hex            ###....      3%          1    #......

Your spell library contained the following spells:

 Spells                   Type           Power        Failure   Level  Hunger
 Confusing Touch          Hex            ###.....     10%         3    ###....
 Tukima's Dance           Hex            ###.....     10%         3    ###....
 Ensorcelled Hibernation  Hex/Ice        #.....       12%         2    ###....
 Dazzling Flash           Conj/Hex       #.....       24%         3    ###....


Dungeon Overview and Level Annotations

Branches:
Dungeon (3/15)

Altars:
Cheibriados
Gozag
Okawaru
Trog


Innate Abilities, Weirdness & Mutations

You cannot wear armour.
You are incapable of wielding weapons or throwing items.
Your paws allow you to move quietly. (Stealth)
You have sharp claws.
You have razor-sharp teeth.
You have supernaturally acute eyesight. (SInv)
You are carnivorous and can eat meat at any time.
You cover ground quickly.
You are covered in fur. (AC +1)
You have a slow metabolism.
Your sharp claws are effective at attacking unaware monsters.


Message History

The orc wizard is moderately wounded.
The orc wizard gestures at you while chanting.
The puff of flame hits you!
Ouch! That really hurt!
You are too injured to fight recklessly!
You are too injured to fight recklessly!
You are too injured to fight recklessly!
You are too injured to fight recklessly!
You are too injured to fight recklessly!
You are too injured to fight recklessly!
You are too injured to fight recklessly!
You are too injured to fight recklessly!
You are too injured to fight recklessly!
You are too injured to fight recklessly!
You are too injured to fight recklessly!
The orc wizard casts a cantrip, but nothing happens.
The orc wizard points at you and mumbles some strange words.
The puff of flame hits you!
Ouch! That really hurt!
You die...

.. #########
#######
...####.......#
#...รท..
...............
#.#####
#.(...o..###.##
#.#
#.#.##...######.#
#o#.............#
#.####.[.########
#.#####.##
#.o.@...#
#########


You could see an orc wizard (fast).

Vanquished Creatures
  A gnoll (D:2)
  7 adders
  3 worms
  2 dart slugs (D:1)
  A leopard gecko (D:1)
  3 orcs
  2 giant cockroaches (D:2)
  6 goblins
  7 hobgoblins
  5 jackals
  2 quokkas
  A ball python (D:2)
  3 bats
  11 kobolds
  4 rats (D:1)
58 creatures vanquished.

Notes
Turn   | Place    | Note
-------+----------+-------------------------------------------
     0 | D:1      | Descartes the Felid Enchanter began the quest for the Orb.
     0 | D:1      | Reached XP level 1. HP: 7/7 MP: 4/4
   467 | D:1      | Reached XP level 2. HP: 11/11 MP: 6/6
  1284 | D:2      | Reached XP level 3. HP: 7/14 MP: 7/7
  1344 | D:2      | Reached skill level 5 in Stealth
  2134 | D:2      | Reached XP level 4. HP: 15/18 MP: 8/8
  2188 | D:2      | Found a snail-covered altar of Cheibriados.
  2201 | D:2      | Found an opulent altar of Gozag.
  2920 | D:2      | Found a bloodstained altar of Trog.
  3192 | D:2      | Found an iron altar of Okawaru.
  3964 | D:2      | Slain by an adder
  3965 | D:2      | Reached XP level 3. HP: 0/14 MP: 7/7
  4046 | D:3      | Reached XP level 4. HP: 17/18 MP: 8/8
  4249 | D:3      | Killed from afar by an orc wizard

Illustrated notes

Levels and vault maps discovered:
D:1:      nagdon_arrival_double_spiral, layout_basic, minmay_pentomino_x2
D:2:      layout_rooms, cheibriados_altar_1, lemuel_doored_altar,
          old_standard_altar, okawaru_altar_gauntlet_db, corexii_hall_statues_i,
          st_stairs_3
D:3:      layout_loops_ring, old_standard_altar,
          nicolae_qazlal_style_of_elements

Skill      XL: |  1  2  3  4 |
---------------+-------------+-----
Dodging        | 3 4 |  4.5
Unarmed Combat | 2 |  2.8
Stealth        | 5 |  5.7
Spellcasting   | |  2.0
Hexes          | |  4.5

Action                   |  1- 3 |  4- 6 || total
-------------------------+-------+-------++-------
Melee: Unarmed           |   153 |   135 ||   288
       Bite              |     9 |     7 ||    16
       Punch             |     1 |     3 ||     4
  Use: Scroll            |     2 |       ||     2
       Potion            |     1 |       ||     1
 Stab: Sleeping          |     6 |     4 ||    10
       Distracted        |     1 |       ||     1
  Eat: Chunk             |    10 |     8 ||    18
Armor: Skin              |     5 |     3 ||     8
Dodge: Dodged            |   123 |   105 ||   228
